 Dungeon Crawl Stone Soup version 0.31-a0-435-g2c6fae2916 (webtiles) character file.

Game seed: 2131368086323597279

186 juan097 the Magician (level 5, -2/38 HPs)
             Began as a Djinni Air Elementalist on Aug 1, 2023.
             Was an Elder of Cheibriados.
             Slain by Crazy Yiuf
             ... wielding a +4 quarterstaff of chaos
              (7 damage)
             ... on level 2 of the Dungeon.
             The game lasted 00:07:06 (2653 turns).

juan097 the Magician (Djinni Air Elementalist)      Turns: 2653, Time: 00:07:06

Health: -2/38      AC:  5    Str: 16    XL:     5   Next: 97%
Gold:   124        EV: 12    Int: 27    God:    Cheibriados [****..] SH:  0 Dex: 23

rFire   + + .        a - +0 dagger (elec)
rCold   x . .        (no shield)
rNeg    . . .        l - +0 ring mail
rPois   ∞            (no helmet)
rElec   .            (no cloak)
rCorr   .            (no gloves)
SInv    .            (boots unavailable)
Will    .....        (no amulet)
Stlth   ++           (no ring)
HPRegen 0.26/turn    (no ring)
MPRegen 0.00/turn

%: infuse magic (-3 HP)
@: flying, very slow
A: sickness immunity, fire resistance 2, cold vulnerability 1, float, innate
caster, HP casting, extra vitality 1
a: Renounce Religion, Bend Time, Temporal Distortion, Slouch


You were on level 2 of the Dungeon.
You worshipped Cheibriados.
Cheibriados was greatly pleased with you.
You visited 1 branch of the dungeon, and saw 3 of its levels.

You collected 124 gold pieces.

Inventory:

Hand Weapons
 a - a +0 dagger of electrocution (weapon)
 m - a +0 long sword of holy wrath
Missiles
 f - 4 poisoned darts
 p - a throwing net
Armour
 c - a +0 robe
 k - a +0 leather armour
 l - a +0 ring mail (worn)
 q - an orb of guile
Scrolls
 b - 2 scrolls of vulnerability {unknown}
 e - 2 scrolls of teleportation {unknown}
 g - 2 scrolls of identify {unknown}
 h - a scroll of immolation {unknown}
 i - 2 scrolls of amnesia {unknown}
 r - a scroll of blinking {unknown}
Potions
 d - 2 potions of curing {unknown}
 j - a potion of berserk rage {unknown}
 n - a potion of enlightenment {unknown}
 o - a potion of resistance {unknown}


   Skills:
 + Level 1.9 Fighting
 + Level 0.8 Short Blades
 - Level 2.1 Dodging
 * Level 3.3 Stealth
 * Level 3.7 Spellcasting
 * Level 3.7 Conjurations
 * Level 3.7 Hexes
   Level 0.0 Charms
 * Level 3.7 Summonings
 * Level 3.7 Necromancy
 * Level 3.7 Translocations
 * Level 3.7 Transmutations
 * Level 3.7 Fire Magic
 * Level 3.7 Ice Magic
 * Level 3.7 Air Magic
 * Level 3.7 Earth Magic
 * Level 3.7 Poison Magic
 + Level 0.4 Invocations


You knew the following spells:

 Your Spells              Type           Power      Damage    Failure   Level
a - Shock                 Conj/Air       100%       1d9       3%          1
b - Static Discharge      Conj/Air       50%        2-5/arc   4%          2
c - Swiftness             Air            25%        N/A       10%         3
d - Airstrike             Air            12%        2d(2-18)  32%         4
e - Apportation           Tloc           50%        N/A       3%          1
f - Poisonous Vapours     Pois/Air       50%        N/A       4%          2
Your spell library was empty.

Dungeon Overview and Level Annotations

Branches:
Dungeon (3/15)

Altars:
Cheibriados
Yredelemnul

Annotations:
D:2 Crazy Yiuf


Innate Abilities, Weirdness & Mutations

You are immune to sickness and miasma.
You are immune to poison.
Your flesh is very heat resistant. (rF++)
You are vulnerable to cold. (rC-)
You float through the air rather than walking.
You learn spells naturally, not from books.
Your magical power is your life essence.
You have superior vitality. (+4 MHP)


Message History

Level annotation: 1 runed translucent door, Crazy Yiuf
There is a stone staircase leading down here.
There is a stone staircase leading up here.
You fly upwards.
There is a stone staircase leading down here.
Done exploring.
You fly downwards.
Level annotation: 1 runed translucent door, Crazy Yiuf
There is a stone staircase leading up here.
There is an open door here.
You see here a +0 club.
There is a stone staircase leading up here.
You see here a +0 hammer.
You see here a +0 hammer.
Crazy Yiuf shouts!
Crazy Yiuf laughs, "Candle down sanguine!"
You reach down and open the door.
Casting: Shock (safe; 3% risk of failure)
Confirm with . or Enter, or press ? or * to list all spells.
Aiming: Poisonous Vapours (safe; 4% risk of failure)
Press: ? - help, Dir - move target, f - Crazy Yiuf
Aim: Crazy Yiuf, wielding a +4 quarterstaff of chaos and wearing a +2 cloak of preservation Poisonous vapours surround Crazy Yiuf!
Crazy Yiuf is poisoned.
Crazy Yiuf misses you.
You barely miss Crazy Yiuf.
Crazy Yiuf waves his quarterstaff at you.
Crazy Yiuf hits you with a +4 quarterstaff of chaos!
Crazy Yiuf burns you.
The zap hits Crazy Yiuf!
Crazy Yiuf is heavily wounded.
Crazy Yiuf hits you with a +4 quarterstaff of chaos!
Casting: Shock (safe; 3% risk of failure)
Confirm with . or Enter, or press ? or * to list all spells.
Crazy Yiuf is struck by an arc of lightning.
Crazy Yiuf is severely wounded.
You are struck by an arc of lightning.
The lightning grounds out.
Crazy Yiuf hits you with a +4 quarterstaff of chaos!
* * * LOW HITPOINT WARNING * * *
Crazy Yiuf freezes you!
You die...

......# #.# #.#
#######.....#
......# #.# #.#
#.....# ......# #.#
#.# #.....#
......###### ###
#.....# ........#
#.....#
........##♣♣♣♣♣
#.....#
###.........♣.♣♣♣
### #.....#
#.........)♣).♣#...#
#.....#
#.........♣♣♣♣@g...#
####### #####....♣♣
♣♣#.))# ####♣♣ ###


You could see Crazy Yiuf (very poisoned).

Vanquished Creatures
  3 gnolls (D:3)
  6 adders
  A white imp (D:3)
  3 worms
  2 dart slugs
  7 orcs (D:3)
  5 ball pythons
  13 bats
  7 endoplasms
  A giant cockroach (D:2)
  4 goblins
  7 hobgoblins
  3 jackals (D:2)
  2 quokkas
  4 frilled lizards
  8 kobolds
  7 rats
83 creatures vanquished.

Notes
Turn   | Place    | Note
-------+----------+-------------------------------------------
     0 | D:1      | juan097 the Djinni Air Elementalist began the quest for the
                  | Orb.
     0 | D:1      | juan097 set off with the following spells memorised: Shock,
                  | Static Discharge, Swiftness, Airstrike.
     0 | D:1      | Reached XP level 1. HP: 15/15 MP: 0/0
   241 | D:1      | Found a faded altar of an unknown god.
   251 | D:1      | Prayed at the altar of an unknown god.
   251 | D:1      | Became a worshipper of Cheibriados the Contemplative
   251 | D:1      | Reached * piety under Cheibriados
   267 | D:1      | Reached XP level 2. HP: 19/21 MP: 0/0
   622 | D:1      | Reached XP level 3. HP: 25/26 MP: 0/0
   622 | D:1      | Learned a level 1 spell: Apportation
   633 | D:1      | Reached ** piety under Cheibriados
   941 | D:2      | Reached skill level 1 in Fighting
  1017 | D:2      | Reached XP level 4. HP: 27/32 MP: 0/0
  1315 | D:2      | Reached *** piety under Cheibriados
  1514 | D:2      | Found a runed translucent door.
  1515 | D:2      | Noticed Crazy Yiuf
  1769 | D:3      | Reached XP level 5. HP: 33/37 MP: 0/0
  1769 | D:3      | Learned a level 2 spell: Poisonous Vapours
  2007 | D:3      | Found a basalt altar of Yredelemnul.
  2207 | D:3      | Reached **** piety under Cheibriados
  2653 | D:2      | Slain by Crazy Yiuf

Illustrated notes

Levels and vault maps discovered:
D:1:      minmay_arrival_five_plusses, layout_basic,
          ebering_ecumenical_altar_hall, minmay_misc_feat_chi
D:2:      layout_basic, minmay_indecisive_spiral, uniq_crazy_yiuf_cottage
D:3:      layout_loops_cross, mainiacjoe_overflow_brackets,
          minmay_misc_feat_pillars

Skill      XL: |  1  2  3  4  5 |
---------------+----------------+-----
Spellcasting   | |  3.7
Conjurations   | |  3.7
Hexes          | |  3.7
Summonings     | |  3.7
Necromancy     | |  3.7
Translocations | |  3.7
Transmutations | |  3.7
Fire Magic     | |  3.7
Ice Magic      | |  3.7
Air Magic      | |  3.7
Earth Magic    | |  3.7
Poison Magic   | |  3.7
Stealth        | 2 3 |  3.3
Fighting       | 1 |  1.9
Short Blades   | |  0.8
Dodging        | |  2.1
Invocations    | |  0.4

Action                     |  1- 3 |  4- 6 || total
---------------------------+-------+-------++-------
  Melee: Dagger            |       |     3 ||     3
   Cast: Shock             |    79 |    75 ||   154
         Poisonous Vapours |       |     6 ||     6
         Static Discharge  |       |     4 ||     4
   Stab: Sleeping          |       |     2 ||     2
 Armour: Robe              |     3 |       ||     3
         Ring mail         |       |     4 ||     4
  Dodge: Dodged            |    10 |    11 ||    21

Table legend: (Time is in decaauts)
 A = Elapsed time spent in this place.
 B = Non-inter-level travel time spent in this place.
 C = Inter-level travel time spent in this place.
 D = Time resting spent in this place.
 E = Time spent auto-exploring this place.
 F = Levels seen in this place.
 G = Mean time per level.
                   A        B        C        D        E       F      G
               +--------+--------+--------+--------+--------+-----+--------+
         Total |   3637 |   3455 |    182 |      0 |   2991 |   3 | 1212.3 |
       Dungeon |   3637 |   3455 |    182 |      0 |   2991 |   3 | 1212.3 |
               +--------+--------+--------+--------+--------+-----+--------+

Top non-repeatable levels by time:
     D:3: 1366 daAuts
     D:2: 1252 daAuts
     D:1: 1019 daAuts
